[Event "DSAM Bad Wildungen 2024"]
[Site "Bad Wildungen"]
[Date "2024.08.01"]
[Round "2.21"]
[White "Dubinker, Philipp"]
[Black "Pick, Max"]
[Result "0-1"]
[Annotator "RC"]
[ECO "B38"]
[WhiteElo "1921"]
[BlackElo "1906"]
[PlyCount "136"]
[EventDate "2024.07.31"]
[EventCountry "GER"]
[SourceTitle "playchess.com"]
[Source "ChessBase"]
[SourceQuality "1"]
[TimeControl "40/5400+30:900+30"]

1. Nf3 c5 2. c4 g6 3. d4 Bg7 4. e4 cxd4 5. Nxd4 Nc6 6. Be3 Nf6 7. Nc3 d6 8. Be2 Ne5 9. h3 O-O 10. O-O a6 11. Qd2 Nc6 12. Rfd1 Bd7 13. Rac1 Rc8 14. a3 Na5 15. Nd5 e5 16. Bg5 b6 17. Bxf6 Bxf6 18. Nxf6+ Qxf6 19. b4 Ba4 20. Re1 Nb3 21. Nxb3 Bxb3 22. Rc3 Ba4 23. Bd1 Bd7 24. Rd3 Be6 25. Rxd6 Qh4 26. Rxb6 Rfd8 27. Rd6 Rxd6 28. Qxd6 Rxc4 29. Qxe5 Rc1 30. Qd6 Qg5 31. Qd3 Bc4 32. Qd4 Be6 33. Kh1 Rb1 34. Qc3 Rc1 35. Qd4 Rb1 36. Rg1 Qc1 37. Qe3 Qc6 38. f3 Rb2 39. Qf4 Ra2 40. Qb8+ Kg7 41. a4 Qd7 42. Qg3 Qd4 43. b5 axb5 44. axb5 Rd2 45. Qe1 Qb2 46. b6 Bxh3 47. b7 Rxg2 48. b8=Q Rxg1+ 49. Qxg1 Qxb8 50. Qd4+ f6 51. Qg1 Qf4 52. Qa7+ Kh6 53. Qg1 g5 54. Qe1 Kh5 55. Qg1 Qh4 56. Qh2 h6 57. Ba4 Qe1+ 58. Qg1 Qe2 59. Qg3 Qf1+ 60. Kh2 g4 61. Be8+ Kg5 62. Bf7 Qe2+ 63. Kg1 Qxf3 64. Qxf3 gxf3 65. Kf2 Kf4 66. Be8 Bg4 67. Bb5 h5 68. Bf1 h4 0-1

[Event "DSAM Bad Wildungen 2024"]
[Site "Bad Wildungen"]
[Date "2024.08.01"]
[Round "2.22"]
[White "Maes, Patrick"]
[Black "Reinecke, Katharina"]
[Result "1/2-1/2"]
[Annotator "RC"]
[ECO "B10"]
[WhiteElo "1943"]
[BlackElo "1949"]
[PlyCount "94"]
[EventDate "2024.07.31"]
[EventCountry "GER"]
[SourceTitle "playchess.com"]
[Source "ChessBase"]
[SourceQuality "1"]
[TimeControl "40/5400+30:900+30"]

1. e4 c6 2. d3 d5 3. Nd2 e5 4. Ngf3 Bd6 5. d4 exd4 6. exd5 c5 7. Bb5+ Bd7 8. Qe2+ Ne7 9. Ne4 Qc7 10. O-O O-O 11. Bc4 Bg4 12. h3 Bh5 13. Nxd6 Qxd6 14. Qe5 Qxe5 15. Nxe5 Rd8 16. Bg5 Kf8 17. Bxe7+ Kxe7 18. Rfe1 Kf8 19. c3 dxc3 20. bxc3 f6 21. Nd3 Nd7 22. Nf4 Ne5 23. Ne6+ Kf7 24. Nxd8+ Rxd8 25. Be2 Bxe2 26. Rxe2 Rxd5 27. Rae1 g5 28. Re3 b5 29. a4 b4 30. cxb4 cxb4 31. Kf1 Ra5 32. g3 Rxa4 33. f4 gxf4 34. gxf4 Ng6 35. f5 Ne5 36. Rc1 Ke7 37. Rc7+ Kd6 38. Rxh7 Kd5 39. Rc7 Kd4 40. Rb3 Ke4 41. Rb7 a5 42. h4 Ra2 43. h5 Rh2 44. Ra7 Rxh5 45. Rxa5 Rxf5+ 46. Ke2 Rg5 47. Rxb4+ Kf5 1/2-1/2

[Event "DSAM Bad Wildungen 2024"]
[Site "Bad Wildungen"]
[Date "2024.08.01"]
[Round "2.23"]
[White "Drews, Nicolas"]
[Black "Dorendorf, Mika"]
[Result "1/2-1/2"]
[Annotator "RC"]
[ECO "E18"]
[WhiteElo "1780"]
[BlackElo "1959"]
[PlyCount "80"]
[EventDate "2024.07.31"]
[EventCountry "GER"]
[SourceTitle "playchess.com"]
[Source "ChessBase"]
[SourceQuality "1"]
[TimeControl "40/5400+30:900+30"]

1. d4 d5 2. c4 e6 3. Nf3 Nf6 4. g3 Be7 5. Bg2 O-O 6. O-O b6 7. cxd5 exd5 8. Nc3 Bb7 9. Bf4 c5 10. Rc1 Nc6 11. Na4 c4 12. b3 b5 13. Nc5 Bxc5 14. dxc5 Nb4 15. Qd2 Na6 16. Nd4 Qd7 17. Qa5 Nxc5 18. Qxb5 Qxb5 19. Nxb5 Nce4 20. f3 Nc5 21. bxc4 Ne6 22. Bd6 Rfc8 23. cxd5 Bxd5 24. Nxa7 Rxc1 25. Rxc1 Bxa2 26. Rc8+ Rxc8 27. Nxc8 Nd5 28. Ne7+ Nxe7 29. Bxe7 h6 30. Kf2 Bd5 31. e4 Bc6 32. Ke3 g6 33. Bf1 Kg7 34. Bc4 h5 35. f4 Nc7 36. Kd4 Bd7 37. Kc5 Ne8 38. Bb5 Bxb5 39. Kxb5 f6 40. Kc6 Kf7 1/2-1/2

[Event "DSAM Bad Wildungen 2024"]
[Site "Bad Wildungen"]
[Date "2024.08.01"]
[Round "2.24"]
[White "Roenker, Sebastian"]
[Black "Degenhardt, Andreas"]
[Result "1-0"]
[Annotator "NA RC"]
[ECO "D02"]
[WhiteElo "1851"]
[BlackElo "1832"]
[PlyCount "57"]
[EventDate "2024.07.31"]
[EventCountry "GER"]
[SourceTitle "playchess.com"]
[Source "ChessBase"]
[SourceQuality "1"]
[TimeControl "40/5400+30:900+30"]

1. d4 d5 2. Bf4 e6 3. Nf3 Bd6 4. Ne5 Nf6 5. e3 c5 6. Bb5+ Kf8 7. dxc5 Qa5+ 8. Nc3 Bxc5 9. O-O a6 10. Be2 b5 11. a3 Qb6 12. b4 Be7 13. Bh5 g6 14. Bf3 Kg7 15. g4 Bb7 16. Ne2 Ne4 17. Bxe4 dxe4 18. Nd7 Nxd7 19. Qxd7 Bf6 20. Bc7 Qc6 21. Qxc6 Bxc6 22. Nd4 Bd5 23. Bb6 h5 24. gxh5 Rxh5 25. Bc7 e5 26. Ne2 Rc8 27. Rfd1 Rg5+ 28. Ng3 Be6 29. Bd6 1-0

[Event "DSAM Bad Wildungen 2024"]
[Site "Bad Wildungen"]
[Date "2024.08.01"]
[Round "2.25"]
[White "Arp, Piotr Alexander"]
[Black "Best, Florian"]
[Result "0-1"]
[Annotator "NA RC"]
[ECO "D31"]
[WhiteElo "1863"]
[BlackElo "1836"]
[PlyCount "41"]
[EventDate "2024.07.31"]
[EventCountry "GER"]
[SourceTitle "playchess.com"]
[Source "ChessBase"]
[SourceQuality "1"]
[TimeControl "40/5400+30:900+30"]

1. d4 d5 2. c4 e6 3. Nc3 c6 4. e4 Nf6 5. e5 Nfd7 6. Bd3 dxc4 7. Bxc4 Nb6 8. Bb3 Nd5 9. Nf3 Bb4 10. Bd2 Bxc3 11. bxc3 Nd7 12. Ng5 O-O 13. Qh5 h6 14. Bc2 Nxc3 15. Nf3 Nd5 16. Bxh6 gxh6 17. Qxh6 f5 18. Qxe6+ Rf7 19. Qg6+ Rg7 20. Qxf5 Nxe5 21. Qe4 0-1

[Event "DSAM Bad Wildungen 2024"]
[Site "Bad Wildungen"]
[Date "2024.08.01"]
[Round "2.26"]
[White "Brixius, Dirk"]
[Black "Niemann, Silvio"]
[Result "1-0"]
[Annotator "RC"]
[ECO "E32"]
[WhiteElo "1809"]
[BlackElo "1904"]
[PlyCount "79"]
[EventDate "2024.07.31"]
[EventCountry "GER"]
[SourceTitle "playchess.com"]
[Source "ChessBase"]
[SourceQuality "1"]
[TimeControl "40/5400+30:900+30"]

1. c4 Nf6 2. d4 e6 3. Nc3 Bb4 4. Qc2 b6 5. Nf3 Bb7 6. e3 Ne4 7. Be2 Bxc3+ 8. bxc3 O-O 9. O-O f5 10. a4 d6 11. Nd2 Qg5 12. f4 Qg6 13. Bf3 Nd7 14. Bb2 Ndf6 15. a5 Ng4 16. Rfe1 Rab8 17. axb6 axb6 18. Ra7 Ngf6 19. Nf1 c5 20. Qe2 h5 21. Ba1 h4 22. Rb1 Ba8 23. Rb3 e5 24. Re7 exf4 25. exf4 d5 26. Ra3 dxc4 27. Qxc4+ Bd5 28. Qe2 cxd4 29. cxd4 b5 30. Raa7 Rf7 31. Ne3 Rxe7 32. Rxe7 Rc8 33. Bb2 h3 34. Re5 Bc4 35. Qe1 hxg2 36. Nxf5 Kf7 37. Bxe4 Nxe4 38. Qxe4 Qg4 39. Nd6+ Kf8 40. Qf5+ 1-0

[Event "DSAM Bad Wildungen 2024"]
[Site "Bad Wildungen"]
[Date "2024.08.01"]
[Round "2.27"]
[White "Will, Jonas"]
[Black "Marzik, Arne"]
[Result "1-0"]
[Annotator "NA RC"]
[ECO "C02"]
[WhiteElo "1868"]
[BlackElo "1792"]
[PlyCount "37"]
[EventDate "2024.07.31"]
[EventCountry "GER"]
[SourceTitle "playchess.com"]
[Source "ChessBase"]
[SourceQuality "1"]
[TimeControl "40/5400+30:900+30"]

1. e4 e6 2. d4 d5 3. e5 c5 4. c3 Nc6 5. Nf3 Qb6 6. Bd3 cxd4 7. O-O Bd7 8. Qe2 a6 9. Nbd2 dxc3 10. bxc3 Nge7 11. Nb3 Ng6 12. Re1 Be7 13. Rb1 O-O 14. h4 Nxh4 15. Nxh4 Bxh4 16. Bxh7+ Kxh7 17. Qh5+ Kg8 18. Qxh4 Qd8 19. Bg5 1-0

[Event "DSAM Bad Wildungen 2024"]
[Site "Bad Wildungen"]
[Date "2024.08.01"]
[Round "2.28"]
[White "Fink, Wolfgang"]
[Black "Valean, David-Andrei"]
[Result "1/2-1/2"]
[Annotator "NA RC"]
[ECO "D00"]
[WhiteElo "1846"]
[BlackElo "1762"]
[PlyCount "148"]
[EventDate "2024.07.31"]
[EventCountry "GER"]
[SourceTitle "playchess.com"]
[Source "ChessBase"]
[SourceQuality "1"]
[TimeControl "40/5400+30:900+30"]

1. f4 d5 2. Nf3 Nf6 3. e3 Bf5 4. d4 e6 5. Bd3 Bxd3 6. Qxd3 {[%emt 0:00:20] D00: 1 d4 d5: Unusual lines.} Nbd7 7. c4 dxc4 8. Qxc4 c5 9. O-O Be7 10. Nc3 O-O 11. Bd2 Rc8 12. Qe2 cxd4 13. Nxd4 Nc5 14. Rad1 Qb6 15. Bc1 Nce4 16. Nxe4 Nxe4 17. Qd3 Nc5 18. Qb5 Qxb5 19. Nxb5 a6 20. Nd4 Rfd8 21. Kf2 Bf6 22. Kf3 Rd7 23. b4 Na4 24. Nb3 Rdd8 25. Rxd8+ Rxd8 26. e4 Bc3 27. a3 Bxb4 28. axb4 Rd3+ 29. Be3 Rxb3 30. Rd1 Kf8 31. Rd7 Rxb4 32. Ba7 Rb3+ 33. Kf2 b6 34. Bb8 Ke8 35. Ra7 Nc5 36. e5 a5 37. Ke2 Ne4 38. g4 a4 39. f5 exf5 40. gxf5 a3 41. e6 fxe6 42. fxe6 Nc3+ 43. Kd2 a2 44. Be5 Ne4+ 45. Kc2 Rb5 46. Bxg7 Ra5 47. Rxa5 bxa5 48. Kb2 Ke7 49. Kxa2 Kxe6 50. Kb3 Nc5+ 51. Kc4 Nb7 52. Kb5 Kf5 53. Bf8 Kg4 54. Be7 Kf5 55. Kc6 Ke6 56. Ba3 Nd8+ 57. Kb6 Nf7 58. Kxa5 Ng5 59. Bc1 Nf3 60. Bf4 Kf5 61. Bc7 Kg4 62. Kb5 Kh3 63. Kc5 Nxh2 64. Kd5 $11 h5 65. Ke4 Nf1 66. Kf3 Nd2+ 67. Kf4 Nc4 68. Kf3 Na3 69. Kf4 Nb5 70. Be5 Na7 71. Kf3 Nc6 72. Bf6 Nb4 73. Be7 Nd5 74. Bd8 Nc3 1/2-1/2

[Event "DSAM Bad Wildungen 2024"]
[Site "Bad Wildungen"]
[Date "2024.08.01"]
[Round "2.29"]
[White "Rogner, Fabio"]
[Black "Boldt, Timo"]
[Result "0-1"]
[Annotator "NA RC"]
[ECO "B27"]
[WhiteElo "1815"]
[BlackElo "1801"]
[PlyCount "63"]
[EventDate "2024.07.31"]
[EventCountry "GER"]
[SourceTitle "playchess.com"]
[Source "ChessBase"]
[SourceQuality "1"]
[TimeControl "40/5400+30:900+30"]

1. e4 c5 2. Nf3 g6 3. d4 cxd4 4. Qxd4 Nf6 5. Nc3 Nc6 6. Qa4 d6 7. e5 dxe5 8. Nxe5 Bd7 9. Nxd7 Qxd7 10. Be3 Bg7 11. Rd1 Qg4 12. Qb3 Qb4 13. Qxb4 Nxb4 14. Bb5+ Nc6 15. O-O O-O 16. Bc5 Rfe8 17. Rfe1 e6 18. h3 a6 19. Bd3 Nd7 20. Be3 Nb4 21. Ne4 Ne5 22. Bg5 Nexd3 23. cxd3 Rec8 24. Re2 Nxa2 25. d4 h6 26. Bd2 Rc2 27. Kf1 Rxb2 28. Be1 Rxe2 29. Kxe2 Rc8 30. Nc5 Bxd4 31. Nxb7 e5 32. f4 0-1

[Event "DSAM Bad Wildungen 2024"]
[Site "Bad Wildungen"]
[Date "2024.08.01"]
[Round "2.30"]
[White "Koehler, Wilhelm"]
[Black "Hoefle, Jan"]
[Result "1-0"]
[Annotator "NA COMBH RC"]
[ECO "B12"]
[WhiteElo "1829"]
[BlackElo "1765"]
[PlyCount "159"]
[EventDate "2024.07.31"]
[EventCountry "GER"]
[SourceTitle "playchess.com"]
[Source "ChessBase"]
[SourceQuality "1"]
[TimeControl "40/5400+30:900+30"]

1. e4 c6 2. d4 d5 3. e5 Bf5 4. Nd2 e6 5. Nb3 Nd7 6. Nf3 h6 7. Be2 a6 8. O-O c5 9. dxc5 Nxc5 10. Nxc5 Bxc5 11. c3 Ne7 12. Nd4 O-O 13. Be3 Rc8 14. g4 Bxd4 15. cxd4 Bh7 16. Bd3 Bxd3 17. Qxd3 Ng6 18. f4 Qh4 19. Qe2 f5 20. gxf5 Rxf5 21. Qf2 Qxf2+ 22. Rxf2 Rf7 23. Rc1 Rxc1+ 24. Bxc1 Rc7 25. Bd2 Ne7 26. Bc3 Nf5 27. Rf3 Rc4 28. Rd3 b5 29. a3 Kf7 30. Kf2 h5 31. Ke2 Rc8 32. Kd2 Rg8 33. Kc2 g5 34. fxg5 Rxg5 35. Kb3 Rg2 36. h3 Re2 37. Kb4 h4 38. Ka5 Rg2 39. Kxa6 Rg3 40. Rxg3 hxg3 41. Be1 Kg6 42. Bxg3 Nxg3 43. Kxb5 Ne2 44. Kc5 Kf5 45. b4 Ke4 46. b5 Nxd4 47. b6 Nb3+ 48. Kb4 Nd4 49. Kc5 Nb3+ 50. Kd6 Na5 51. Kxe6 d4 52. Kf6 d3 53. e6 Nc6 54. e7 Nxe7 55. Kxe7 d2 56. b7 d1=Q 57. b8=Q Qh5 58. Qb4+ Ke3 59. Qe1+ Kd4 60. Qd2+ Ke4 61. Qb4+ Ke3 62. h4 Qh7+ 63. Kd6 Qg6+ 64. Kc5 Qf5+ 65. Kb6 Qg6+ 66. Ka5 Qf7 67. a4 Qa7+ 68. Kb5 Qd7+ 69. Ka6 Qc8+ 70. Qb7 Qc4+ 71. Qb5 Qxh4 72. a5 Qg4 73. Ka7 Qc8 74. Qb7 Qe8 75. a6 Kd3 76. Kb6 Qd8+ 77. Kb5 Qe8+ 78. Kb4 Qf8+ 79. Ka4 Kc4 {[%emt 0:01:17] Check Result:#12} 80. Qb3+ 1-0

[Event "DSAM Bad Wildungen 2024"]
[Site "Bad Wildungen"]
[Date "2024.08.01"]
[Round "2.31"]
[White "Lehmann, Michael"]
[Black "Dolidze, David"]
[Result "1/2-1/2"]
[Annotator "NA RC"]
[ECO "D94"]
[WhiteElo "1731"]
[BlackElo "1720"]
[PlyCount "119"]
[EventDate "2024.07.31"]
[EventCountry "GER"]
[SourceTitle "playchess.com"]
[Source "ChessBase"]
[SourceQuality "1"]
[TimeControl "40/5400+30:900+30"]

1. d4 Nf6 2. c4 g6 3. Nf3 Bg7 4. Nc3 O-O 5. e3 d5 6. Be2 c5 7. O-O cxd4 8. Nxd4 a6 9. cxd5 Nxd5 10. Nxd5 Qxd5 11. Bf3 Qd6 12. Rb1 Rd8 13. Qb3 Bxd4 14. exd4 Nc6 15. Be3 Rb8 16. Rbd1 Nb4 17. a3 Nd5 18. Bxd5 Qxd5 19. Qxd5 Rxd5 20. Rc1 Rd7 21. Rc3 b5 22. Rfc1 Bb7 23. Rc7 Rbd8 24. Rxd7 Rxd7 25. f3 f6 26. Kf2 Kf7 27. Ke2 Bd5 28. Rc5 Bb3 29. Rc6 a5 30. Kd3 a4 31. Kc3 Bc4 32. Kb4 Bf1 33. g3 Be2 34. f4 h5 35. Kc5 Bg4 36. Kxb5 Rb7+ 37. Rb6 Be2+ 38. Kc5 Rxb6 39. Kxb6 Ke6 40. Kc5 Bf3 41. Kb5 Bd1 42. Kc5 Bb3 43. Bg1 Kf5 44. d5 Ke4 45. d6 exd6+ 46. Kxd6 Kf3 47. Ke7 Kg2 48. Bd4 Kxh2 49. Kxf6 Bc2 50. Be5 Bf5 51. b4 axb3 52. a4 Kxg3 53. a5 h4 54. a6 h3 55. a7 Be4 56. f5+ Kf2 57. fxg6 h2 58. Bxh2 b2 59. g7 b1=Q 60. g8=Q 1/2-1/2

[Event "DSAM Bad Wildungen 2024"]
[Site "Bad Wildungen"]
[Date "2024.08.01"]
[Round "2.32"]
[White "Rasch, Wolfgang"]
[Black "Reuter, Marek"]
[Result "0-1"]
[Annotator "NA RC"]
[ECO "D06"]
[WhiteElo "1761"]
[BlackElo "1761"]
[PlyCount "20"]
[EventDate "2024.07.31"]
[EventCountry "GER"]
[SourceTitle "playchess.com"]
[Source "ChessBase"]
[SourceQuality "1"]
[TimeControl "40/5400+30:900+30"]

1. d4 Nf6 2. c4 d5 3. cxd5 Qxd5 4. Nc3 Qa5 5. Qc2 Bf5 6. Qa4+ Qxa4 7. Nxa4 Nc6 8. Be3 Nb4 9. Rc1 O-O-O 10. Bf4 Nc2+ 0-1

[Event "DSAM Bad Wildungen 2024"]
[Site "Bad Wildungen"]
[Date "2024.08.01"]
[Round "2.33"]
[White "Eitel, Luc"]
[Black "Lerch, Cornelia"]
[Result "0-1"]
[Annotator "NA RC"]
[ECO "B77"]
[WhiteElo "1711"]
[BlackElo "1847"]
[PlyCount "46"]
[EventDate "2024.07.31"]
[EventCountry "GER"]
[SourceTitle "playchess.com"]
[Source "ChessBase"]
[SourceQuality "1"]
[TimeControl "40/5400+30:900+30"]

1. e4 c5 2. Nf3 d6 3. d4 cxd4 4. Nxd4 Nf6 5. Nc3 g6 6. Be3 Bg7 7. f3 O-O 8. Qd2 Nc6 9. Bc4 Bd7 10. Nxc6 Bxc6 11. Bh6 Bxh6 12. Qxh6 Qa5 13. Qd2 Rac8 14. Bb3 Qc5 15. Rd1 b5 16. Nd5 Nxd5 17. exd5 Bd7 18. Qd4 a5 19. c3 a4 20. Bc2 a3 21. Kd2 axb2 22. Bb3 Qxd4+ 23. cxd4 Bf5 0-1

[Event "DSAM Bad Wildungen 2024"]
[Site "Bad Wildungen"]
[Date "2024.08.01"]
[Round "2.34"]
[White "Merth, Philipp"]
[Black "Sviridov, Vitaliy"]
[Result "0-1"]
[Annotator "NA RC"]
[ECO "D05"]
[WhiteElo "1803"]
[BlackElo "1771"]
[PlyCount "86"]
[EventDate "2024.07.31"]
[EventCountry "GER"]
[SourceTitle "playchess.com"]
[Source "ChessBase"]
[SourceQuality "1"]
[TimeControl "40/5400+30:900+30"]

1. d4 d5 2. Nf3 e6 3. e3 Nf6 4. Bd3 Be7 5. b3 O-O 6. Bb2 Nbd7 7. Nbd2 Re8 8. O-O Nf8 9. Ne5 N6d7 10. f4 f6 11. Nxd7 Bxd7 12. c4 f5 13. Nf3 Ng6 14. Qc2 Rf8 15. Rac1 c6 16. Qe2 Qe8 17. a4 Nh8 18. Ne5 Nf7 19. g4 Nxe5 20. fxe5 g6 21. Qg2 Kh8 22. Qg3 Rf7 23. Kh1 Qf8 24. Rc2 Rc8 25. g5 a6 26. c5 Kg7 27. h4 Qd8 28. Bc3 Ra8 29. a5 Qh8 30. h5 gxh5 31. Rg1 Rg8 32. Rh2 Kf8 33. Rxh5 Rfg7 34. Qh4 Be8 35. Rh6 Bxg5 36. Rxg5 Rxg5 37. Rxe6 Rg1+ 38. Kh2 R8g2+ 39. Kh3 Rh1+ 40. Kxg2 Rxh4 41. Bxf5 Qg7+ 42. Kf3 Bh5+ 43. Kf2 Rh2+ 0-1

[Event "DSAM Bad Wildungen 2024"]
[Site "Bad Wildungen"]
[Date "2024.08.01"]
[Round "2.35"]
[White "Schmitt, Philipp"]
[Black "Ferneding, Conrad"]
[Result "1/2-1/2"]
[Annotator "RC"]
[ECO "A07"]
[WhiteElo "2170"]
[BlackElo "1780"]
[PlyCount "46"]
[EventDate "2024.07.31"]
[EventCountry "GER"]
[SourceTitle "playchess.com"]
[Source "ChessBase"]
[SourceQuality "1"]
[TimeControl "40/5400+30:900+30"]

1. Nf3 Nc6 2. g3 e5 3. d3 d5 4. Bg2 Nf6 5. O-O Be7 6. Nbd2 O-O 7. e4 Be6 8. Re1 dxe4 9. Nxe4 Nxe4 10. dxe4 Bc5 11. Bg5 f6 12. Be3 Qe7 13. Qe2 Rfd8 14. a3 Nd4 15. Nxd4 Bxd4 16. Bxd4 Rxd4 17. Rad1 Rad8 18. Rxd4 Rxd4 19. Rd1 Rxd1+ 20. Qxd1 Qd6 21. Qxd6 cxd6 22. f4 Kf7 23. Kf2 b6 1/2-1/2

[Event "DSAM Bad Wildungen 2024"]
[Site "Bad Wildungen"]
[Date "2024.08.01"]
[Round "2.36"]
[White "Roth, Niklas"]
[Black "Krueger, Malte"]
[Result "0-1"]
[Annotator "NA RC"]
[ECO "A40"]
[WhiteElo "1749"]
[BlackElo "1739"]
[PlyCount "82"]
[EventDate "2024.07.31"]
[EventCountry "GER"]
[SourceTitle "playchess.com"]
[Source "ChessBase"]
[SourceQuality "1"]
[TimeControl "40/5400+30:900+30"]

1. d4 c6 2. Bf4 Qb6 3. b3 Nf6 4. e3 d5 5. Bd3 Nbd7 6. Nf3 Nh5 7. Bg3 Ndf6 8. Be5 Nd7 9. Nbd2 Nxe5 10. Nxe5 g6 11. h3 Bg7 12. Ndf3 Bxe5 13. Nxe5 Ng7 14. O-O Bf5 15. c4 f6 16. Nf3 O-O 17. Ne1 Rad8 18. Qc2 e6 19. c5 Qc7 20. f4 e5 21. Bxf5 Nxf5 22. Qd2 Rde8 23. Nc2 exd4 24. exd4 Re4 25. Rae1 Rfe8 26. Rxe4 Rxe4 27. g4 Ng7 28. Qh2 f5 29. gxf5 Nxf5 30. Re1 Rxe1+ 31. Nxe1 Nxd4 32. Qf2 Qxf4 33. Qxf4 Ne2+ 34. Kh2 Nxf4 35. Kg3 Ne6 36. Nd3 Kf7 37. Ne5+ Kf6 38. Nd3 Kf5 39. b4 Ke4 40. Nc1 Ke3 41. a4 a5 0-1

[Event "DSAM Bad Wildungen 2024"]
[Site "Bad Wildungen"]
[Date "2024.08.01"]
[Round "2.37"]
[White "Buntkowsky, Gerd"]
[Black "Doehn, Friedemann"]
[Result "0-1"]
[Annotator "NA RC"]
[ECO "C00"]
[WhiteElo "1662"]
[BlackElo "1776"]
[PlyCount "90"]
[EventDate "2024.07.31"]
[EventCountry "GER"]
[SourceTitle "playchess.com"]
[Source "ChessBase"]
[SourceQuality "1"]
[TimeControl "40/5400+30:900+30"]

1. e4 e6 2. d3 d5 3. Nd2 Nf6 4. e5 Nfd7 5. d4 c5 6. c3 Nc6 7. Ngf3 cxd4 8. cxd4 f6 9. Bb5 Be7 10. O-O O-O 11. Re1 fxe5 12. dxe5 a6 13. Bxc6 bxc6 14. Nb3 c5 15. Qc2 Bb7 16. Bd2 a5 17. Nxa5 Rxa5 18. Bxa5 Qxa5 19. Re3 d4 20. Ra3 Qb6 21. Rb3 Qc6 22. Re1 c4 23. Rxb7 Qxb7 24. Qxc4 Qb6 25. Rd1 Bc5 26. Nxd4 Re8 27. Nf3 Bxf2+ 28. Kh1 Nf8 29. b4 Rd8 30. Rxd8 Qxd8 31. Qf1 Ba7 32. a4 Nd7 33. Qd1 Qc7 34. Qa1 h6 35. h3 Qc4 36. Qd1 Nf8 37. b5 Ng6 38. Qb1 Nf4 39. b6 Qe2 40. Ne1 Bxb6 41. Qxb6 Qxe1+ 42. Kh2 Qxe5 43. Qd8+ Kh7 44. Qd2 Ne2+ 45. Kh1 Qa1+ 0-1

[Event "DSAM Bad Wildungen 2024"]
[Site "Bad Wildungen"]
[Date "2024.08.01"]
[Round "2.38"]
[White "Shanmuganathan, Adhav"]
[Black "Wallace, David A"]
[Result "1-0"]
[Annotator "RC"]
[ECO "B10"]
[WhiteElo "1659"]
[BlackElo "2116"]
[PlyCount "45"]
[EventDate "2024.07.31"]
[EventCountry "GER"]
[SourceTitle "playchess.com"]
[Source "ChessBase"]
[SourceQuality "1"]
[TimeControl "40/5400+30:900+30"]

1. e4 c6 2. c4 d5 3. cxd5 cxd5 4. exd5 Qxd5 5. Nc3 Qa5 6. d4 Nf6 7. Bc4 Bf5 8. Qb3 e6 9. Qxb7 Be4 10. d5 Bb4 11. Bb5+ Nfd7 12. Bxd7+ Nxd7 13. Qxa8+ Ke7 14. d6+ Kxd6 15. Qxe4 Bxc3+ 16. Kd1 Bf6 17. Qd3+ Ke7 18. Bd2 Qb6 19. Qa3+ Ke8 20. Rc1 Qb7 21. Nf3 Bxb2 22. Rb1 Qxf3+ 23. Qxf3 1-0

[Event "DSAM Bad Wildungen 2024"]
[Site "Bad Wildungen"]
[Date "2024.08.01"]
[Round "2.39"]
[White "Winkler, Frida"]
[Black "Geier, Jakob"]
[Result "0-1"]
[Annotator "NA RC"]
[ECO "B13"]
[WhiteElo "1588"]
[BlackElo "1664"]
[PlyCount "120"]
[EventDate "2024.07.31"]
[EventCountry "GER"]
[SourceTitle "playchess.com"]
[Source "ChessBase"]
[SourceQuality "1"]
[TimeControl "40/5400+30:900+30"]

1. e4 c6 2. d4 d5 3. exd5 cxd5 4. Bd3 Nc6 5. c3 Nf6 6. h3 e5 7. dxe5 Nxe5 8. Bc2 Bc5 9. Nf3 Ng6 10. Qe2+ Be7 11. O-O O-O 12. Nd4 Re8 13. Be3 Bc5 14. Qd1 Ne5 15. Nf5 Bxf5 16. Bxc5 Ne4 17. Nd2 Nxc5 18. Bxf5 Qb6 19. b4 Ne6 20. Bxh7+ Kxh7 21. Qh5+ Kg8 22. Qxe5 Rad8 23. Nf3 Nc7 24. Qd4 Nb5 25. Qd3 d4 26. c4 Nc3 27. b5 Qf6 28. Rfe1 g6 29. Rxe8+ Rxe8 30. Kh1 Rd8 31. Nd2 Qxf2 32. Rf1 Qe3 33. Qc2 Ne2 34. Rd1 d3 35. Qb2 Qf2 36. Qe5 Nf4 37. Qe4 Qe2 38. Qf3 Re8 39. Qf1 Nh5 40. Qf3 Ng3+ 41. Kh2 Nf5 42. Kh1 Ne3 43. Qxe2 dxe2 44. Rc1 Nc2 45. Nf3 e1=Q+ 46. Nxe1 Rxe1+ 47. Rxe1 Nxe1 48. Kg1 b6 49. Kf1 Nc2 50. Ke2 Na3 51. Kd3 Kg7 52. Kc3 Kf6 53. Kb3 Nb1 54. Kc2 Ke5 55. Kd3 Kd6 56. Kd4 Na3 57. h4 f5 58. g3 Nc2+ 59. Kc3 Ne3 60. Kd4 Nf1 0-1

[Event "DSAM Bad Wildungen 2024"]
[Site "Bad Wildungen"]
[Date "2024.08.01"]
[Round "2.41"]
[White "Heutling, Thomas"]
[Black "Strodthoff, Felix"]
[Result "1/2-1/2"]
[Annotator "NA RC"]
[ECO "E61"]
[WhiteElo "1633"]
[BlackElo "1615"]
[PlyCount "80"]
[EventDate "2024.07.31"]
[EventCountry "GER"]
[SourceTitle "playchess.com"]
[Source "ChessBase"]
[SourceQuality "1"]
[TimeControl "40/5400+30:900+30"]

1. c4 Nf6 2. Nc3 g6 3. Nf3 Bg7 4. d4 d5 5. b3 O-O 6. e3 c5 7. Be2 cxd4 8. exd4 Nc6 9. cxd5 Nxd5 10. Bb2 Qa5 11. Qd2 Rd8 12. Bc4 Nxc3 13. Bxc3 Qc7 14. O-O Bg4 15. Qe3 e6 16. h3 Bxf3 17. Qxf3 Nxd4 18. Bxd4 Bxd4 19. Rad1 Bg7 20. Rxd8+ Rxd8 21. Rd1 b6 22. Rxd8+ Qxd8 23. g3 Bd4 24. Kg2 a5 25. a4 Qf6 26. Qxf6 Bxf6 27. Kf3 Bd4 28. Ke2 Kg7 29. f3 e5 30. Bd3 f5 31. g4 Kf6 32. h4 fxg4 33. fxg4 h5 34. g5+ Kg7 35. Be4 Bc5 36. Bd3 Bg1 37. Kf3 Bh2 38. Kg2 Bf4 39. Kf3 Bd2 40. Ke2 Bf4 1/2-1/2

[Event "DSAM Bad Wildungen 2024"]
[Site "Bad Wildungen"]
[Date "2024.08.01"]
[Round "2.42"]
[White "Karlinder, Lovis Neo"]
[Black "Spielmann, Jan"]
[Result "1/2-1/2"]
[Annotator "NA RC"]
[ECO "C25"]
[WhiteElo "1659"]
[BlackElo "1667"]
[PlyCount "41"]
[EventDate "2024.07.31"]
[EventCountry "GER"]
[SourceTitle "playchess.com"]
[Source "ChessBase"]
[SourceQuality "1"]
[TimeControl "40/5400+30:900+30"]

1. e4 e5 2. Nc3 Nc6 3. Bc4 Bc5 4. Qg4 g6 5. Qf3 Nf6 6. Nge2 d6 7. h3 Be6 8. Bb3 Bxb3 9. axb3 O-O 10. Na4 Nd7 11. c3 f5 12. exf5 Rxf5 13. Qd5+ Kh8 14. O-O Qh4 15. Nxc5 Nxc5 16. d3 e4 17. Qc4 Nxd3 18. f3 Nxc1 19. Raxc1 Re8 20. Nd4 Nxd4 21. Qxd4+ 1/2-1/2

[Event "DSAM Bad Wildungen 2024"]
[Site "Bad Wildungen"]
[Date "2024.08.01"]
[Round "2.43"]
[White "Klar, Ennio"]
[Black "Verges, Gerhard"]
[Result "1/2-1/2"]
[Annotator "NA RC"]
[ECO "C01"]
[WhiteElo "1781"]
[BlackElo "1692"]
[PlyCount "51"]
[EventDate "2024.07.31"]
[EventCountry "GER"]
[SourceTitle "playchess.com"]
[Source "ChessBase"]
[SourceQuality "1"]
[TimeControl "40/5400+30:900+30"]

1. e4 e6 2. d4 d5 3. exd5 exd5 4. c4 Nf6 5. Nc3 Bb4 6. Nf3 O-O 7. Be2 dxc4 8. O-O Nc6 9. Bxc4 Bg4 10. d5 Ne5 11. Be2 Nxf3+ 12. Bxf3 Bxf3 13. Qxf3 Bxc3 14. bxc3 Qxd5 15. Qg3 c6 16. Bb2 Qh5 17. Rab1 Ne4 18. Qd3 Qg6 19. Rfd1 Nc5 20. Qd4 Ne6 21. Qd7 Rad8 22. Qxb7 Rxd1+ 23. Rxd1 Rd8 24. Qb3 Rxd1+ 25. Qxd1 h6 26. g3 1/2-1/2

[Event "DSAM Bad Wildungen 2024"]
[Site "Bad Wildungen"]
[Date "2024.08.01"]
[Round "2.46"]
[White "Wadowski, Adam"]
[Black "Aguike, Oka"]
[Result "0-1"]
[Annotator "NA RC"]
[ECO "C29"]
[WhiteElo "1515"]
[BlackElo "1585"]
[PlyCount "52"]
[EventDate "2024.07.31"]
[EventCountry "GER"]
[SourceTitle "playchess.com"]
[Source "ChessBase"]
[SourceQuality "1"]
[TimeControl "40/5400+30:900+30"]

1. e4 e5 2. Nc3 Nf6 3. f4 Nc6 4. fxe5 Nxe5 5. d4 Ng6 6. e5 Ng8 7. Nf3 d6 8. Bc4 dxe5 9. Bxf7+ Kxf7 10. Ng5+ Ke8 11. Qf3 Nf6 12. O-O Be7 13. Nce4 Kf8 14. Qb3 Qe8 15. Nxf6 gxf6 16. Ne4 Kg7 17. Qg3 Be6 18. dxe5 fxe5 19. Ng5 Bd6 20. Bd2 Qe7 21. Bc3 Rhf8 22. Rfe1 Bc5+ 23. Kh1 Bf2 24. Bxe5+ Kg8 25. Qd3 Qxg5 26. Re2 Nxe5 0-1